 Dungeon Crawl Stone Soup version 0.29-a0-222-g5b244fca1f (webtiles) character file.

Game seed: 1289081950875303682

3812 Morbidden the Skirmisher (level 9, 0/79 HPs)
             Began as a Red Draconian Brigand on Feb 25, 2022.
             Slain by Joseph
             ... wielding a +0 quarterstaff
              (14 damage)
             ... on level 7 of the Dungeon on Feb 27, 2022.
             The game lasted 00:18:02 (9167 turns).

Morbidden the Skirmisher (Red Draconian Brigand)    Turns: 9167, Time: 00:18:02

Health: 0/79       AC:  9    Str: 16    XL:     9   Next: 96%
Magic:  15/15      EV: 14    Int: 13    God:
Gold:   469        SH:  0    Dex: 13    Spells: 11/16 levels left

rFire   + . .      SeeInvis .   a - +3 short sword
rCold   . . .      Faith    .   (no shield)
rNeg    . . .      Spirit   .   (body armour unavailable)
rPois   .          Reflect  .   (helmet restricted)
rElec   .          Harm     .   b - +0 cloak
rCorr   .          Rampage  .   (no gloves)
Will    .....                   (no boots)
Stlth   +++.......              u - amulet of the acrobat
HPRegen 0.23/turn               B - ring of flight
MPRegen 0.14/turn               (no ring)

@: short of breath, flying
A: breathe fire, AC +7, unfitting armour, fire resistance 1, cold-blooded,
shaggy fur 1
a: Breathe Fire


You were on level 7 of the Dungeon.
You visited 1 branch of the dungeon, and saw 7 of its levels.

You collected 469 gold pieces.

Inventory:

Hand Weapons
 a - a +3 short sword (weapon)
 C - a +0 scimitar
Missiles
 d - a curare-tipped dart
 r - 3 datura-tipped darts
 s - 17 poisoned darts (quivered)
 D - a throwing net
 J - a boomerang
Armour
 b - a +0 cloak (worn)
Magical Staves
 v - a staff of fire
Jewellery
 u - an amulet of the acrobat (around neck)
 B - a ring of flight (left hand)
Wands
 q - a wand of flame (12)
Scrolls
 h - 8 scrolls of identify {unknown}
 k - 2 scrolls of noise {unknown}
 n - 2 scrolls of fog {unknown}
 o - a scroll of brand weapon {unknown}
 p - 5 scrolls of teleportation {unknown}
 t - 3 scrolls of vulnerability {unknown}
 y - a scroll of holy word {unknown}
 z - 2 scrolls of enchant weapon {unknown}
 A - 2 scrolls of blinking {unknown}
 E - a scroll of enchant armour {unknown}
Potions
 c - a potion of flight {unknown}
 e - 2 potions of mutation
 f - 4 potions of curing
 g - 2 potions of attraction {unknown}
 i - a potion of resistance {unknown}
 j - 3 potions of degeneration {unknown}
 m - a potion of might {unknown}
 w - a potion of magic {unknown}
 x - a potion of brilliance {unknown}
 F - a potion of lignification {unknown}
 G - a potion of invisibility {unknown}
 H - a potion of ambrosia {unknown}
 I - a potion of berserk rage {unknown}


   Skills:
 * Level 7.5 Fighting
 + Level 6.4 Short Blades
 + Level 4.2 Throwing
 * Level 5.5 Dodging
 + Level 5.5 Stealth
 * Level 4.3 Spellcasting
 + Level 1.7 Conjurations
 * Level 3.9 Air Magic
 + Level 1.4 Evocations


You had 11 spell levels left.
You knew the following spells:

 Your Spells              Type           Power      Damage    Failure   Level
a - Shock                 Conj/Air       40%        1d5       6%          1
b - Airstrike             Air            6%         N/A       36%         4

Your spell library contained the following spells:

 Spells                   Type           Power      Damage    Failure   Level
 Swiftness                Air            13%        N/A       12%         3
 Freeze                   Ice            8%         1d3       21%         1
 Sandblast                Erth           4%         2d4       21%         1
 Passwall                 Tmut/Erth      1%         N/A       30%         2
 Conjure Flame            Conj/Fire      5%         6-21      38%         3
 Stone Arrow              Conj/Erth      10%        3d7       38%         3
 Frozen Ramparts          Ice            4%         1d2       52%         3
 Ignite Poison            Fire/Tmut/Pois 2%         N/A       52%         3
 Hailstorm                Conj/Ice       5%         3d4       80%         4
 Iskenderun's Mystic Bla  Conj/Tloc      5%         2d3       80%         4
 Sticky Flame             Conj/Fire      5%         2d3       80%         4
 Summon Forest            Summ/Tloc      1%         N/A       99%         5
 Dragon's Call            Summ           1%         N/A       100%        9


Dungeon Overview and Level Annotations

Branches:
Dungeon (7/15)
 Temple: D:4-7

Altars:
Cheibriados
Qazlal

Shops:
D:2 [   D:5 (   D:6 ?

Annotations:
D:7 Joseph


Innate Abilities, Weirdness & Mutations

You can breathe blasts of fire.
Your fiery red scales are hard. (AC +7)
You cannot fit into any form of body armour.
Your flesh is heat resistant. (rF+)
You are cold-blooded and may be slowed by cold attacks.
You are covered in fur. (AC +1)


Message History

A gnoll sergeant is nearby!
Joseph, a Mercenary comes into view.
He is wielding a +0 quarterstaff.
Joseph shouts!
Joseph unwields a +0 quarterstaff.
Joseph wields a +0 hunting sling.
Joseph shoots a sling bullet.
The sling bullet misses you.
Unknown command.
Joseph shoots a sling bullet.
The sling bullet closely misses you.
Joseph shoots a sling bullet.
The sling bullet misses you.
There is an open door here.
You reach down and close the door.
You reach down and open the door.
There is an open door here.
You reach down and close the door.
Something unseen opens the door.
You reach down and open the gate.
A worm comes into view.
Found a snail-covered altar of Cheibriados.
Joseph shoots a sling bullet.
The sling bullet completely misses you.
There is an open gate here.
Unknown command.
You reach down and close the gate.
Joseph opens the gate.
Joseph unwields a +0 hunting sling.
Joseph wields a +0 quarterstaff.
Joseph hits you with a +0 quarterstaff!
* * * LOW HITPOINT WARNING * * *
There is an open gate, spattered with blood here.
Aiming: Breathe Fire (4% risk of failure)
Press: ? - help, Shift-Dir - straight line, f - Joseph
Aim: Joseph, wielding a +0 quarterstaff and wearing a +0 leather armour (68% to hit)
You breathe a blast of fire.
The fiery breath hits Joseph!
Joseph is lightly wounded.
Joseph is engulfed in blazing flames.
Joseph hits you with a +0 quarterstaff.
* * * LOW HITPOINT WARNING * * *
Unknown command.
Unknown command.
Unknown command.
You hit Joseph.
Joseph is heavily wounded.
Joseph is engulfed in blazing flames.
Joseph hits you with a +0 quarterstaff!
You die...

##### #.... #...##########
#.....#.....# #######
#.....'.....###.....#
#..8.@'...._#......##
+.....@w....#......#
#.....#.....#......#
#..##########.<....#
#...##...........)<#
######...##...##..#######
#........#######.[####.##. #
#........##...##.[........
####+##.......@#...............
##...##........'...............


You could see Joseph and a worm.

Vanquished Creatures
  A two-headed ogre (D:6)
  A steam dragon (D:6)
  Menkaure (D:6)
  Edmund (D:4)
  An orc warrior (D:6)
  A sky beast (D:6)
  A black bear (D:4)
  2 ice beasts
  3 necrophages
  4 centaurs
  4 ogres
  A gnoll sergeant (D:6)
  6 scorpions
  4 wights
  4 orc priests
  3 hounds (D:6)
  2 jellies
  A gnoll shaman (D:6)
  4 iguanas (D:5)
  3 orc wizards
  Terence (D:3)
  25 gnolls
  7 adders
  A shadow imp (D:3)
  2 white imps (D:6)
  2 worms (D:2)
  4 dart slugs
  5 orcs
  10 ball pythons
  6 bats
  5 endoplasms
  6 giant cockroaches
  12 goblins
  12 hobgoblins
  6 jackals (D:2)
  5 quokkas
  2 frilled lizards
  14 kobolds
  12 rats
185 creatures vanquished.

Vanquished Creatures (others)
  A gnoll (D:7)
  2 fungi (D:1)
  56 plants
59 creatures vanquished.

Grand Total: 244 creatures vanquished

Notes
Turn   | Place    | Note
-------+----------+-------------------------------------------
     0 | D:1      | Morbidden the Draconian Brigand began the quest for the
                  | Orb.
     0 | D:1      | Reached XP level 1. HP: 17/17 MP: 1/1
   161 | D:1      | Reached XP level 2. HP: 22/24 MP: 2/2
   219 | D:1      | Found a faded altar of an unknown god.
   324 | D:1      | Reached XP level 3. HP: 28/29 MP: 3/3
  1336 | D:2      | Reached XP level 4. HP: 30/37 MP: 4/4
  1353 | D:2      | Reached skill level 1 in Dodging
  1732 | D:2      | Found Woin's Armour Boutique.
  2278 | D:3      | You fall into a shaft and drop 3 floors!
  2300 | D:6      | Noticed Menkaure
  2303 | D:6      | Noticed an orc warrior
  2306 | D:6      | Killed Menkaure
  2306 | D:6      | Noticed a gnoll sergeant
  2306 | D:6      | Noticed a centaur
  2307 | D:6      | Reached skill level 3 in Fighting
  2307 | D:6      | Reached skill level 5 in Stealth
  2307 | D:6      | Reached XP level 5. HP: 25/45 MP: 5/5
  2572 | D:6      | Reached XP level 6. HP: 22/52 MP: 6/6
  2575 | D:6      | Gained mutation: You have a pair of small horns on your
                  | head. [potion of mutation]
  2575 | D:6      | Lost mutation: You have a pair of small horns on your head.
                  | [potion of mutation]
  2575 | D:6      | Gained mutation: You are covered in fur. (AC +1) [potion of
                  | mutation]
  2918 | D:6      | Noticed an ice beast
  2950 | D:5      | Entered Level 5 of the Dungeon
  2963 | D:5      | Reached skill level 4 in Fighting
  2965 | D:5      | Found Ynoapau's Hydra Hut.
  2974 | D:5      | Noticed a six-headed hydra
  3060 | D:5      | Your scales start taking on a fiery red colour.
  3060 | D:5      | Reached XP level 7. HP: 24/59 MP: 7/7
  3060 | D:5      | Gained mutation: Your flesh is heat resistant. (rF+) [Red
                  | Draconian growth]
  3582 | D:5      | Reached skill level 5 in Fighting
  3582 | D:5      | Reached skill level 5 in Short Blades
  3606 | D:5      | Reached XP level 8. HP: 59/68 MP: 8/8
  3615 | D:5      | Got the Disquisition on Displaced Calling
  3621 | D:5      | Learned a level 4 spell: Airstrike
  3802 | D:5      | Upgraded the game from 0.29-a0-218-gf2abdc9806 to
                  | 0.29-a0-222-g5b244fca1f
  3821 | D:5      | Reached skill level 1 in Spellcasting
  4266 | D:6      | Noticed a two-headed ogre
  4286 | D:6      | Killed a two-headed ogre
  4287 | D:6      | Reached skill level 6 in Fighting
  4287 | D:6      | Reached skill level 1 in Evocations
  4480 | D:6      | Reached XP level 9. HP: 50/78 MP: 12/12
  4867 | D:4      | Noticed Edmund
  4889 | D:4      | Killed Edmund
  5444 | D:4      | Reached skill level 5 in Dodging
  5538 | D:4      | Learned a level 1 spell: Shock
  6170 | D:3      | Noticed Terence
  6177 | D:3      | Killed Terence
  7464 | D:6      | Reached skill level 7 in Fighting
  7540 | D:6      | Identified the +1 ring mail of the Goldsmith {Harm rPois}
  7750 | D:6      | Found a stormy altar of Qazlal.
  7898 | D:6      | Reached skill level 1 in Conjurations
  7918 | D:6      | Found Cemas's Magic Scroll Boutique.
  9138 | D:7      | Noticed Joseph
  9158 | D:7      | Found a snail-covered altar of Cheibriados.
  9167 | D:7      | Slain by Joseph

Illustrated notes

Levels and vault maps discovered:
D:1:      wander_arrival_estate, layout_loops_ring,
          shapermc_ecumenical_altar_acropolis
D:2:      layout_basic, serial_shops, shop
D:3:      minmay_inner_zag, layout_loops_ring, uniq_terence
D:4:      kennysheep_six_static_rooms, layout_basic, uniq_edmund
D:5:      layout_cave_pools, amcnicky_mini_corridor_feature,
          doesnt_shop_hydraphobe
D:6:      kennysheep_housing_project, layout_loops_ring, lemuel_crystal_altar,
          nicolae_inconvenience_store, uniq_menkaure
D:7:      minmay_flawed_box, layout_gridville, slow_altar_2,
          minmay_temple_entry_ruins, wad_woods_river_04, uniq_joseph,
          uniq_harold, uniq_prince_ribbit1

Skill      XL: |  1  2  3  4  5  6  7  8  9 |
---------------+----------------------------+-----
Stealth        | 4 5 |  5.5
Dodging        | 1 2 3 4 5 |  5.5
Short Blades   | 3 4 5 6 |  6.4
Fighting       | 3 4 5 6 7 |  7.5
Throwing       | 2 3 4 |  4.2
Spellcasting   | 2 4 |  4.3
Air Magic      | 2 3 |  3.9
Evocations     | 1 |  1.4
Conjurations   | 1 |  1.7

Action                   |  1- 3 |  4- 6 |  7- 9 || total
-------------------------+-------+-------+-------++-------
Melee: Dagger            |   101 |   100 |   227 ||   428
       Tailslap          |    14 |    13 |    50 ||    77
       Punch             |     2 |     1 |    10 ||    13
       Short sword       |       |       |    70 ||    70
Throw: Dart              |     7 |    33 |     2 ||    42
 Cast: Shock             |       |       |   187 ||   187
 Abil: Breathe Fire      |       |       |    46 ||    46
Evoke: Wand              |       |     5 |     1 ||     6
  Use: Potion            |       |     3 |     3 ||     6
 Stab: Sleeping          |     6 |     2 |     4 ||    12
Armor: Skin              |    44 |    26 |    71 ||   141
Dodge: Dodged            |    49 |    54 |   206 ||   309

Table legend: (Time is in decaauts)
 A = Elapsed time spent in this place.
 B = Non-inter-level travel time spent in this place.
 C = Inter-level travel time spent in this place.
 D = Time resting spent in this place.
 E = Time spent auto-exploring this place.
 F = Levels seen in this place.
 G = Mean time per level.
                   A        B        C        D        E       F      G
               +--------+--------+--------+--------+--------+-----+--------+
         Total |   9063 |   8814 |    249 |   1280 |   5680 |   7 | 1294.7 |
       Dungeon |   9063 |   8814 |    249 |   1280 |   5680 |   7 | 1294.7 |
               +--------+--------+--------+--------+--------+-----+--------+

Top non-repeatable levels by time:
     D:6: 2742 daAuts
     D:5: 1595 daAuts
     D:2: 1378 daAuts
     D:3: 1353 daAuts
     D:4: 1041 daAuts
     D:1: 681 daAuts
     D:7: 271 daAuts
